 Seeded DCSS version 0.31-a0-321-g19405a7a6a (webtiles) character file.

Game seed: 14215367866634240820 (custom seed)

1935 innerfire43 the Cleaver (level 8, -13/61 (64) HPs)
             Began as a Demonspawn Monk on July 17, 2023.
             Mangled by a wight
             ... wielding a +4 great sword
              (15 damage)
             ... on level 7 of the Dungeon.
             The game lasted 00:06:14 (5509 turns).

innerfire43 the Cleaver (Demonspawn Monk)           Turns: 5509, Time: 00:06:14

HP:   -13/61 (64)   AC:  9    Str: 14    XL:     8   Next: 97%
MP:   8/8           EV: 13    Int: 12    God:
Gold: 354           SH:  8    Dex: 15    Spells: 7/7 levels left

rFire   . . .        n - +5 executioner's axe (venom)
rCold   . . .        (shield currently unavailable)
rNeg    . . .        H - +0 steam dragon scales
rPois   +            j - +2 helmet
rElec   .            (no cloak)
rCorr   +            (no gloves)
SInv    .            m - +0 pair of boots
Will    .....        (no amulet)
Stlth   +            s - ring of resist corrosion
HPRegen 0.30/turn    G - ring of poison resistance
MPRegen 0.11/turn

%: no passive effects
@: mighty, brilliant, attractive, lightly drained
A: large bone plates 1, demonic guardian 2, condensation shield
a: no special abilities


You were on level 7 of the Dungeon.
You visited 1 branch of the dungeon, and saw 7 of its levels.
You also visited: Sewer.

You collected 354 gold pieces.

Inventory:

Hand Weapons
 a - a +0 hand axe
 n - a +5 executioner's axe of venom (weapon)
 p - a +0 war axe
Missiles
 g - 5 silver javelins (quivered)
Armour
 b - a +0 robe
 d - an orb of light
 j - a +2 helmet (worn)
 m - a +0 pair of boots (worn)
 H - +0 steam dragon scales (worn)
Jewellery
 s - a ring of resist corrosion (left hand)
 C - a ring of see invisible
 G - a ring of poison resistance (right hand)
Talismans
 A - a serpent talisman
Wands
 e - a wand of paralysis (13)
 h - a wand of roots (19)
 t - a wand of mindburst (19)
 u - a wand of polymorph (12)
 y - a wand of quicksilver (17)
Scrolls
 c - a scroll of fog
 i - a scroll of amnesia {unknown}
 k - 4 scrolls of enchant armour {unknown}
 l - 6 scrolls of identify {unknown}
 o - 2 scrolls of blinking {unknown}
 w - a scroll of summoning {unknown}
 x - 2 scrolls of vulnerability {unknown}
 D - a scroll of fear {unknown}
Potions
 f - 3 potions of curing
 q - a potion of berserk rage {unknown}
 r - a potion of degeneration {unknown}
 v - a potion of lignification {unknown}
 z - a potion of haste {unknown}


   Skills:
 - Level 6.2 Fighting
 * Level 9.2 Axes
 - Level 4.3 Dodging


You had 7 spell levels left.
You didn't know any spells.
Your spell library contained the following spells:

 Spells                   Type           Power      Damage    Failure   Level
 Apportation              Tloc           0%         N/A       32%         1
 Necrotise                Necr           0%         1d4       32%         1
 Sandblast                Erth           0%         2d4       32%         1
 Summon Small Mammal      Summ           0%         N/A       32%         1
 Passwall                 Tmut/Erth      0%         N/A       45%         2
 Sublimation of Blood     Necr           0%         N/A       45%         2
 Gell's Gravitas          Tloc           0%         N/A       69%         3
 Stone Arrow              Conj/Erth      0%         3d7       69%         3
 Teleport Other           Tloc           0%         N/A       69%         3
 Petrify                  Tmut/Erth      0%         N/A       97%         4
 Irradiate                Conj/Tmut      0%         3d11      100%        5
 Dispersal                Tloc           0%         N/A       100%        6


Dungeon Overview and Level Annotations

Branches:
Dungeon (7/15)              Sewer (visited)
 Temple: D:4-7

Altars:

Shops:
D:4 [   D:5 *   D:7 *


Innate Abilities, Weirdness & Mutations

You are partially covered in large bone plates. (SH +4)
A demonic guardian rushes to your aid.
A meltable shield of frost defends you. (SH +4)


Message History

The wight is moderately damaged.
The wight hits you with a +0 flail.
You feel drained.
The wight hits you from afar with a +5 trident. x2
The wight barely misses you.
You barely miss the wight.
The wight is moderately damaged.
You block the wight's attack. The wight barely misses you.
You slice the wight!!
You destroy the wight!
You block the wight's attack.
The wight hits you from afar with a +5 trident!
* * * LOW HITPOINT WARNING * * *
A demonic guardian appears!
You feel drained.
* * * LOW HITPOINT WARNING * * *
The wight barely misses your rust devil.
You block the wight's attack.
It was a potion of curing.
You feel better.
The wight hits your rust devil with a +1 war axe of flaming.
The wight closely misses you.
The wight hits you from afar with a +5 trident!
* * * LOW HITPOINT WARNING * * *
Your rust devil hits the wight.
Your rust devil corrodes the wight!
It was a potion of brilliance.
You feel clever all of a sudden. The wight closely misses you.
The wight hits your rust devil but does no damage.
The wight closely misses you.
Your rust devil hits the wight!
The wight seems to be corroded for longer.
It was a potion of might.
You feel very mighty all of a sudden.
The wight hits your rust devil with a +1 war axe of flaming!
The wight hits you with a +4 great sword!
* * * LOW HITPOINT WARNING * * *
The wight barely misses you.
Your rust devil hits the wight.
The wight seems to be corroded for longer.
It was a potion of attraction.
You feel attractive to monsters.
The wight closely misses your rust devil.
The wight hits you with a +4 great sword!
You die...

#. .....
.###....
<......
#....# #.#
#....# #.#
##....### #.#
###.z4z...#
#.#
##...#z#.....
#.#
####..###@#
#.. #.#
###....## #.#
#.###[..####
#.#
##.#.).###
#.# ...#.###
#.# ...#.#
..# .....#
.## #.
....### .# #
#.. ......
...##..


You could see 3 wights and a friendly rust devil (summoned).

Vanquished Creatures
  Maggie (D:7)
  A water moccasin (D:5)
  Pargi (Sewer)
  An ice beast (D:7)
  2 sky beasts
  3 black bears
  A phantom (D:5)
  3 scorpions
  2 wights (D:7)
  4 hounds
  An orc priest (D:3)
  3 iguanas
  An orc wizard (D:6)
  4 gnolls (D:2)
  4 adders
  2 white imps
  A worm (D:3)
  2 dart slugs
  12 orcs
  9 endoplasms
  8 giant cockroaches
  9 goblins
  6 hobgoblins
  6 jackals (D:1)
  8 kobolds
  10 quokkas
  8 ball pythons
  5 bats
  6 frilled lizards
  4 rats
128 creatures vanquished.

Vanquished Creatures (collateral kills)
  Ijyb (D:4)
  Terence (D:3)
  A worm (D:2)
  2 ball pythons
  An endoplasm (D:1)
6 creatures vanquished.

Grand Total: 134 creatures vanquished

Notes
Turn   | Place    | Note
-------+----------+-------------------------------------------
     0 | D:1      | innerfire43 the Demonspawn Monk began the quest for the
                  | Orb.
     0 | D:1      | Reached XP level 1. HP: 18/18 MP: 1/1
    56 | D:1      | Reached skill level 3 in Axes
    56 | D:1      | Gained mutation: A weak demonic guardian rushes to your
                  | aid. [demonic ancestry]
    56 | D:1      | Reached XP level 2. HP: 5/24 MP: 2/2
    58 | D:1      | HP: 1/24 [ball python (1)]
   457 | D:1      | Reached XP level 3. HP: 26/29 MP: 3/3
  1147 | D:2      | Gained mutation: A demonic guardian rushes to your aid.
                  | [demonic ancestry]
  1147 | D:2      | Reached XP level 4. HP: 30/35 MP: 4/4
  1553 | D:3      | Reached skill level 4 in Axes
  1559 | D:3      | Noticed Terence
  1568 | D:3      | Killed Terence
  1569 | D:3      | Reached XP level 5. HP: 26/42 MP: 5/5
  2440 | D:4      | Found Junwutirr's Armour Shoppe.
  2507 | D:4      | Noticed a black bear
  2530 | D:4      | Killed a black bear
  2531 | D:4      | Reached XP level 6. HP: 18/48 MP: 6/6
  2638 | D:4      | Found a glowing drain.
  2652 | Sewer    | Entered a sewer
  2696 | Sewer    | Noticed Pargi
  2712 | Sewer    | Killed Pargi
  2713 | Sewer    | Reached skill level 5 in Axes
  3034 | D:4      | Noticed Ijyb
  3049 | D:4      | HP: 2/49 [constriction (5)]
  3050 | D:4      | Killed Ijyb
  3514 | D:4      | Gained mutation: A meltable shield of frost defends you.
                  | (SH +4) [demonic ancestry]
  3514 | D:4      | Reached XP level 7. HP: 33/55 MP: 7/7
  3746 | D:4      | Identified a scroll of acquirement
  3746 | D:4      | Acquired a +4 executioner's axe of venom
  3887 | D:5      | Entered Level 5 of the Dungeon
  3904 | D:5      | Found Ucuimn's Serpentskin Sales.
  3916 | D:5      | Reached skill level 5 in Fighting
  3916 | D:5      | Reached skill level 6 in Axes
  4343 | D:5      | Gained mutation: You are partially covered in large bone
                  | plates. (SH +4) [demonic ancestry]
  4343 | D:5      | Reached XP level 8. HP: 58/64 MP: 8/8
  4521 | D:5      | Reached skill level 7 in Axes
  4988 | D:6      | Identified the +1 long sword "Demon's Foe" {pain, *Slow
                  | rPois Str-4 Int+5}
  5231 | D:7      | Found Jeemya's Assorted Antiques.
  5354 | D:7      | Noticed Maggie
  5363 | D:7      | Killed Maggie
  5364 | D:7      | Reached skill level 8 in Axes
  5498 | D:7      | Reached skill level 9 in Axes
  5508 | D:7      | HP: 2/61 [wight/+4 great sword (11)]
  5509 | D:7      | Mangled by a wight

Illustrated notes

Levels and vault maps discovered:
D:1:      dpeg_arrival_castle, layout_basic, serial_forest,
          infiniplex_forest_straight_2, infiniplex_forest_straight_3,
          infiniplex_forest_clump_double, infiniplex_forest_lined_1,
          infiniplex_forest_clump_small, infiniplex_forest_straight_2,
          infiniplex_forest_lined_3_way
D:2:      layout_rooms
D:3:      layout_basic, general_overflow_altar, uniq_terence
D:4:      minmay_chambers_of_fours, layout_loops_ring, gup_sewer_entry_pipe,
          serial_shops, shop, uniq_ijyb
D:5:      layout_basic, guppyfry_shop_venom
D:6:      layout_rooms
D:7:      layout_rooms, minmay_temple_entry_hall, serial_shops,
          nicolae_shop_overgrown_old_shop, uniq_pikel, uniq_maggie, uniq_duvessa

Skill      XL: |  1  2  3  4  5  6  7  8 |
---------------+-------------------------+-----
Axes           | 3 4 5 6 9 |  9.2
Dodging        | 3 4 |  4.3
Fighting       | 4 5 6 |  6.2

Action                     |  1- 3 |  4- 6 |  7- 9 || total
---------------------------+-------+-------+-------++-------
  Melee: Hand axe          |    88 |    48 |       ||   136
         War axe           |       |   122 |    12 ||   134
         Executioner's axe |       |       |    93 ||    93
  Throw: Javelin           |     3 |     1 |       ||     4
    Use: Potion            |     1 |     1 |     4 ||     6
         Scroll            |       |       |     6 ||     6
   Stab: Distracted        |       |       |     1 ||     1
 Armour: Robe              |    30 |    81 |    29 ||   140
         Steam dragon scal |       |       |     3 ||     3
  Dodge: Dodged            |    85 |   128 |    70 ||   283
  Block: Other             |       |       |    30 ||    30

Table legend: (Time is in decaauts)
 A = Elapsed time spent in this place.
 B = Non-inter-level travel time spent in this place.
 C = Inter-level travel time spent in this place.
 D = Time resting spent in this place.
 E = Time spent auto-exploring this place.
 F = Levels seen in this place.
 G = Mean time per level.
                   A        B        C        D        E       F      G
               +--------+--------+--------+--------+--------+-----+--------+
         Total |   5623 |   5410 |    213 |      0 |   4455 |   8 |  702.9 |
       Dungeon |   5345 |   5132 |    213 |      0 |   4237 |   7 |  763.6 |
         Sewer |    278 |    278 |      0 |      0 |    218 |   1 |  278.0 |
               +--------+--------+--------+--------+--------+-----+--------+

Top non-repeatable levels by time:
     D:4: 1231 daAuts
     D:1: 1044 daAuts
     D:5: 958 daAuts
     D:3: 933 daAuts
     D:2: 465 daAuts
     D:6: 422 daAuts
     D:7: 289 daAuts
   Sewer: 278 daAuts
